 Dungeon Crawl Stone Soup version 0.28-a0-556-gab23d0e057 (webtiles) character file.

Game seed: 16433763336574519549

756 miscthings the Cudgeller (level 7, -9/62 HPs)
             Began as a Naga Cinder Acolyte on Sept 29, 2021.
             Was a High Priest of Ignis.
             Mangled by an orc warrior (15 damage)
             ... on level 5 of the Dungeon.
             The game lasted 00:08:41 (3602 turns).

miscthings the Cudgeller (Naga Cinder Acolyte)      Turns: 3602, Time: 00:08:42

Health: -9/62      AC:  5    Str: 16    XL:     7   Next: 79%
Magic:  2/12       EV:  9    Int: 16    God:    Ignis [*****.]
Gold:   149        SH:  5    Dex:  7    Spells: 10/12 levels left

rFire   + . .      SeeInvis +   q - +2 flail (protect)
rCold   . . .      Faith    .   (no shield)
rNeg    . . .      Spirit   .   b - +0 robe
rPois   +          Reflect  +   t - +0 helmet
rElec   .          Harm     .   (no cloak)
rCorr   .          Rampage  .   h - +0 pair of gloves
Will    .....                   (no barding)
Stlth   +.........              f - amulet of reflection
HPRegen 0.20/turn               (no ring)
MPRegen 0.13/turn               (no ring)

@: short of breath, very slow
A: AC +2, large, see invisible, deformed body, poison resistance, slowness 2,
spit poison 1, naga tail 1
a: Spit Poison, Renounce Religion, Sea of Fire, Foxfire Swarm, Rising Flame


You were on level 5 of the Dungeon.
You worshipped Ignis.
Ignis was extremely pleased with you.
You visited 1 branch of the dungeon, and saw 5 of its levels.

You collected 149 gold pieces.

Inventory:

Hand Weapons
 q - a +2 flail of protection (weapon)
Missiles
 d - 2 curare-tipped darts
Armour
 b - a +0 robe (worn)
 h - a +0 pair of gloves (worn)
 t - a +0 helmet (worn)
Magical Staves
 l - a staff of conjuration
Jewellery
 f - an amulet of reflection (around neck)
Scrolls
 c - a scroll of fear
 i - a scroll of vulnerability
 j - a scroll of magic mapping
 k - 2 scrolls of holy word
 n - a scroll of enchant weapon {unknown}
 o - a scroll of teleportation
Potions
 a - 4 potions of curing
 g - a potion of might
 m - a potion of haste
 p - a potion of flight {unknown}
 s - a potion of attraction {unknown}


   Skills:
 - Level 3.0 Fighting
 + Level 7.2 Maces & Flails
 - Level 3.3 Spellcasting
 - Level 4.7 Fire Magic


You had 10 spell levels left.
You knew the following spells:

 Your Spells              Type           Power      Damage    Failure   Level
a - Scorch                Fire           34%        2d7       4%          2

Your spell library contained the following spells:

 Spells                   Type           Power      Damage    Failure   Level


Dungeon Overview and Level Annotations

Branches:
Dungeon (4/15)
 Temple: D:4-7

Altars:
Sif Muna


Innate Abilities, Weirdness & Mutations

Your serpentine skin is tough. (AC +2)
You have supernaturally acute eyesight. (SInv)
Armour fits poorly on your strangely shaped body.
Your system is resistant to poisons. (rPois)
You cover ground very slowly.
You can spit poison.
You have a snake-like lower body.


Message History

The orc warrior closely misses you.
The orc wizard hits you with a +0 dagger.
Casting: Scorch (safe; 4% risk of failure)
Confirm with . or Enter, or press ? or * to list all spells.
Flames lash the orc wizard.
The orc wizard is burned terribly!
You kill the orc wizard!
You have got your breath back.
You block the orc warrior's attack.
Casting: Scorch (safe; 4% risk of failure)
Confirm with . or Enter, or press ? or * to list all spells.
Flames lash the orc.
You kill the orc!
The orc warrior barely misses you.
Casting: Scorch (safe; 4% risk of failure)
Confirm with . or Enter, or press ? or * to list all spells.
Flames lash the orc warrior but do no damage.
The orc warrior misses you.
Casting: Scorch (safe; 4% risk of failure)
Confirm with . or Enter, or press ? or * to list all spells.
You don't have enough magic to cast this spell.
Casting: Scorch (safe; 4% risk of failure)
Confirm with . or Enter, or press ? or * to list all spells.
You don't have enough magic to cast this spell.
Abil: Spit Poison
Press: ? - help, Q - select action, (/) - cycle Shift-Dir - straight line, f - orc warrior
Aim: an orc warrior, wielding a +0 trident and wearing a +0 chain mail (moderately wounded, more vulnerable to fire)
The splash of poison hits the orc warrior but does no damage.
The orc warrior is poisoned.
The orc warrior is moderately wounded.
The orc warrior is no longer more vulnerable to fire.
The orc warrior hits you from afar with a +0 trident.
The orc warrior hits you with a +0 trident!
A scorpion comes into view.
The orc warrior hits you with a +0 trident!!
* * * LOW HITPOINT WARNING * * *
Items here: ))) ? [ ††.
You closely miss the orc warrior.
The orc warrior is moderately wounded.
The orc warrior hits you with a +0 trident!
You die...

. .. .# ...
###### ..#
..s##....# ....
.........# ....#
........@#.....#
........o').....
#####...###....#
####...### ####
#........#
#........#
#........#
#........#
#........#


You could see an orc warrior (poisoned) and a scorpion.

Vanquished Creatures
  Sigmund (D:3)
  A necrophage (D:2)
  A phantom (D:4)
  A gnoll shaman (D:3)
  An orc priest (D:4)
  3 orc wizards
  Terence (D:2)
  Robin (D:4)
  9 gnolls
  4 adders
  3 worms
  An adder skeleton (D:4)
  3 dart slugs (D:1)
  13 orcs
  10 endoplasms
  5 giant cockroaches
  16 goblins
  11 hobgoblins
  4 jackals (D:3)
  3 quokkas
  3 ball pythons
  7 bats
  2 frilled lizards
  4 kobolds
  5 rats
113 creatures vanquished.

Notes
Turn   | Place    | Note
-------+----------+-------------------------------------------
     0 | D:1      | miscthings the Naga Cinder Acolyte began the quest for the
                  | Orb.
     0 | D:1      | Reached XP level 1. HP: 21/21 MP: 2/2
   220 | D:1      | Reached XP level 2. HP: 28/28 MP: 4/4
   223 | D:1      | Learned a level 2 spell: Scorch
   721 | D:1      | Found a faded altar of an unknown god.
   761 | D:1      | Reached XP level 3. HP: 34/34 MP: 0/5
  1134 | D:2      | Noticed Terence
  1193 | D:2      | Killed Terence
  1269 | D:2      | Reached XP level 4. HP: 42/42 MP: 0/7
  1284 | D:2      | Noticed a necrophage
  1372 | D:2      | Killed a necrophage
  1373 | D:2      | Reached XP level 5. HP: 41/49 MP: 1/9
  1911 | D:3      | Found a shimmering blue altar of Sif Muna.
  2103 | D:3      | Reached XP level 6. HP: 45/56 MP: 6/11
  2194 | D:3      | Noticed Sigmund
  2199 | D:3      | Killed Sigmund
  2200 | D:3      | Reached skill level 5 in Maces & Flails
  2483 | D:3      | Reached XP level 7. HP: 62/62 MP: 10/12
  2700 | D:4      | Reached skill level 6 in Maces & Flails
  3031 | D:4      | Noticed Robin
  3428 | D:4      | Reached skill level 7 in Maces & Flails
  3472 | D:4      | Killed Robin
  3573 | D:4      | You fall into a shaft and drop 1 floor!
  3573 | D:5      | Entered Level 5 of the Dungeon
  3602 | D:5      | Mangled by an orc warrior

Illustrated notes

Levels and vault maps discovered:
D:1:      roderic_chinese_lattice_arrival, layout_basic,
          ebering_ecumenical_altar_petrified, minmay_tromino_i2
D:2:      layout_rooms, uniq_terence
D:3:      layout_loops_ring, mainiacjoe_overflow_alcove_4, uniq_sigmund
D:4:      layout_cave_pools, marbit_many_paths, minmay_misc_feat_alley,
          minmay_misc_feat_rugged, wad_floor_pattern_2, uniq_natasha, uniq_robin
D:5:      layout_gridville, grunt_temple_overflow_open, grunt_decor_one_mirror,
          nicolae_inconvenience_store, nicolae_specific_store

Skill      XL: |  1  2  3  4  5  6  7 |
---------------+----------------------+-----
Spellcasting   | 2 3 |  3.3
Fire Magic     | 4 |  4.7
Maces & Flails | 5 7 |  7.2
Fighting       | |  3.0

Action                   |  1- 3 |  4- 6 |  7- 9 || total
-------------------------+-------+-------+-------++-------
Melee: Mace              |    22 |    38 |    19 ||    79
       Flail             |       |       |    32 ||    32
 Cast: Scorch            |    19 |    45 |    41 ||   105
 Abil: Spit Poison       |    14 |    16 |    16 ||    46
  Use: Scroll            |       |     8 |     2 ||    10
       Potion            |       |       |     2 ||     2
Armor: Robe              |     1 |    69 |    28 ||    98
       Skin              |       |       |    11 ||    11
Dodge: Dodged            |    15 |    76 |    37 ||   128
Block: Other             |     4 |    38 |    33 ||    75

Table legend: (Time is in decaauts)
 A = Elapsed time spent in this place.
 B = Non-inter-level travel time spent in this place.
 C = Inter-level travel time spent in this place.
 D = Time resting spent in this place.
 E = Time spent auto-exploring this place.
 F = Levels seen in this place.
 G = Mean time per level.
                   A        B        C        D        E       F      G
               +--------+--------+--------+--------+--------+-----+--------+
         Total |   4308 |   4179 |    129 |   1432 |   1813 |   5 |  861.6 |
       Dungeon |   4308 |   4179 |    129 |   1432 |   1813 |   5 |  861.6 |
               +--------+--------+--------+--------+--------+-----+--------+

Top non-repeatable levels by time:
     D:3: 1463 daAuts
     D:1: 1413 daAuts
     D:2: 740 daAuts
     D:4: 655 daAuts
     D:5: 34 daAuts
